 Dungeon Crawl Stone Soup version 0.30-a0-509-gd016549fea (webtiles) character file.

Game seed: 882790860795200762

757 Jase the Changer (level 7, -1/52 HPs)
             Began as a White Draconian Transmuter on Dec 22, 2022.
             Was a Believer of Wu Jian.
             Slain by an ogre
             ... wielding a +0 giant club
              (25 damage)
             ... on level 4 of the Dungeon on Dec 23, 2022.
             The game lasted 00:15:01 (3825 turns).

Jase the Changer (White Draconian Transmuter)       Turns: 3825, Time: 00:15:01

Health: -1/52      AC:  6    Str: 13    XL:     7   Next: 50%
Magic:  9/10       EV: 12    Int: 15    God:    Wu Jian [**....]
Gold:   122        SH:  0    Dex: 11    Spells: 4/10 levels left

rFire   + . .      SeeInvis .      - Unarmed
rCold   + + .      Faith    .    (no shield)
rNeg    . . .      Spirit   .    (body armour unavailable)
rPois   .          Reflect  .    (helmet currently unavailable)
rElec   .          Harm     .    (no cloak)
rCorr   .          Rampage  .    (no gloves)
Will    .....                    (boots currently unavailable)
Stlth   +.........               (no amulet)
HPRegen 0.28/turn                e - ring of protection from fire
MPRegen 0.12/turn                w - ring of protection from cold

@: appendages
A: horns 2, talons 2, breathe frost, AC +6, unfitting armour, cold resistance 1,
cold-blooded
a: Breathe Frost, End Transformation, Renounce Religion, Wall Jump


You were on level 4 of the Dungeon.
You worshipped Wu Jian.
Wu Jian was pleased with you.
You had temporarily grown beastly horns and talons.
You visited 1 branch of the dungeon, and saw 4 of its levels.

You collected 122 gold pieces.

Inventory:

Missiles
 g - 66 stones
 l - 2 throwing nets
 t - 2 boomerangs
Jewellery
 e - a ring of protection from fire (left hand)
 w - a ring of protection from cold (right hand)
Wands
 s - a wand of paralysis (4)
 u - a wand of light (1)
Scrolls
 c - 7 scrolls of identify {unknown}
 i - a scroll of enchant armour {unknown}
 k - a scroll of vulnerability {unknown}
 n - a scroll of immolation {unknown}
 p - 4 scrolls of teleportation {unknown}
 v - a scroll of poison {unknown}
Potions
 a - a potion of lignification
 b - a potion of degeneration {unknown}
 d - a potion of attraction {unknown}
 f - 2 potions of might {unknown}
 h - a potion of mutation {unknown}
 j - 3 potions of ambrosia {unknown}
 m - a potion of resistance {unknown}
 o - 2 potions of flight {unknown}
 q - 3 potions of heal wounds {unknown}
 r - 2 potions of curing {unknown}


   Skills:
 - Level 1.1 Fighting
 - Level 3.0 Dodging
 - Level 5.0 Unarmed Combat
 - Level 2.0 Spellcasting
 + Level 5.6 Transmutations
 + Level 4.1 Poison Magic


You had 4 spell levels left.
You knew the following spells:

 Your Spells              Type           Power      Damage    Failure   Level
a - Beastly Appendage     Tmut           36%        N/A       2%          1
b - Wereblood             Tmut           18%        N/A       3%          2
c - Spider Form           Tmut/Pois      16%        N/A       9%          3

Your spell library contained the following spells:

 Spells                   Type           Power      Damage    Failure   Level
 Magic Dart               Conj           4%         1d3       22%         1
 Searing Ray              Conj           2%         2d4       32%         2
 Ice Form                 Ice/Tmut       9%         N/A       56%         4
 Fulminant Prism          Conj/Hex       0%         3d5       91%         4
 Summon Forest            Summ/Tloc      0%         N/A       99%         5
 Eringya's Noxious Bog    Tmut/Pois      8%         N/A       99%         6
 Summon Hydra             Summ           0%         N/A       100%        7


Dungeon Overview and Level Annotations

Branches:
Dungeon (4/15)
 Temple: D:4-7

Altars:
Cheibriados
Uskayaw
Wu Jian


Innate Abilities, Weirdness & Mutations

You have temporarily grown beastly horns and talons.
You can breathe waves of freezing cold which knock back foes.
Your icy white scales are hard. (AC +6)
You cannot fit into any form of body armour.
Your flesh is cold resistant. (rC+)
You are cold-blooded and may be slowed by cold attacks.


Message History

Confirm with . or Enter, or press ? or * to list all spells.
You grow a pair of large bovine horns.
Your feet morph into talons.
Found a club.
The endoplasm quivers.
There is an open door here.
You lunge at the endoplasm.
You hit the endoplasm but do no damage. You claw the endoplasm.
The endoplasm is moderately wounded.
The endoplasm freezes you.
You are frozen.
You resist.
You hit the endoplasm. You claw the endoplasm.
You kill the endoplasm!
The Council accepts your kill.
You start resting.
Your transformation is almost over.
Magic restored.
There is an open door here.
Your horns disappear.
Your talons disappear.
p - 3 scrolls labelled CESAMEKHESK (gained 1)
You pick up a book of Conjurations and begin reading...
You add the spells Magic Dart, Searing Ray and Fulminant Prism to your library.
There is a stone staircase leading down here.
p - 4 scrolls labelled CESAMEKHESK (gained 1)
There is an open door here.
There is an open door here.
There is an open door here.
There is an open door here.
An ogre comes into view. It is wielding a +0 giant club.
Found a tower shield.
Casting: Beastly Appendage (safe; 2% risk of failure)
Confirm with . or Enter, or press ? or * to list all spells.
You grow a pair of large bovine horns.
Your feet morph into talons.
The ogre shouts!
The ogre hits you with a +0 giant club!!
Ouch! That really hurt!
You punch the ogre! You claw the ogre. You headbutt the ogre.
You tail-slap the ogre.
The ogre is severely wounded.
The ogre hits you with a +0 giant club!!
You die...

#...###........#######.#...#
..................)....#...#
................#..........#
............#..##...####..##
...........###.#....# #....#
############ ######## ###..#
#.# ### ## #.## #.##
.####.#### ####O####.# ##.#
.###.###.# #)###@###.###..#
##.##.##)###.##.##.##.##.##
#.#.#.#.#.#.#.#.#.#.#.#..#
.#..#..#..#..#..#..#).†.##
..#...#...#...#...#...#.#
#....#....#....#....#...#
.#.....#.....#.....#....#
...#......#......#......#
......#.......#.......#.#


You could see an ogre.

Vanquished Creatures
  A black bear (D:4)
  A phantom (D:4)
  Blork the orc (D:4)
  A scorpion (D:4)
  3 orc priests
  A hound (D:4)
  Ijyb (D:3)
  3 orc wizards (D:4)
  8 gnolls
  7 adders
  3 worms
  4 dart slugs
  13 orcs
  5 ball pythons
  12 endoplasms
  A giant cockroach (D:2)
  10 hobgoblins
  A jackal (D:4)
  6 kobolds
  5 quokkas
  4 bats
  A frilled lizard (D:2)
  6 goblins
  5 rats
103 creatures vanquished.

Notes
Turn   | Place    | Note
-------+----------+-------------------------------------------
     0 | D:1      | Jase the Draconian Transmuter began the quest for the Orb.
     0 | D:1      | Reached XP level 1. HP: 16/16 MP: 3/3
   147 | D:1      | Reached XP level 2. HP: 23/23 MP: 5/5
   455 | D:1      | Learned a level 2 spell: Wereblood
   858 | D:2      | Reached XP level 3. HP: 25/28 MP: 4/6
   896 | D:2      | Learned a level 3 spell: Spider Form
   969 | D:2      | Found an ornate altar of the Wu Jian Council.
   976 | D:2      | Became a worshipper of the Wu Jian Council
  1059 | D:2      | Reached XP level 4. HP: 24/35 MP: 5/7
  1875 | D:3      | Reached XP level 5. HP: 39/40 MP: 1/8
  2034 | D:3      | Reached * piety under Wu Jian
  2045 | D:3      | Reached skill level 1 in Poison Magic
  2103 | D:3      | Noticed Ijyb
  2113 | D:3      | Paralysed by Ijyb for 5 turns
  2123 | D:3      | Paralysed by Ijyb for 4 turns
  2135 | D:3      | Killed Ijyb
  2462 | D:3      | Found a hide-covered altar of Uskayaw.
  2641 | D:4      | Identified the +5 dagger of Kunext {speed, rPois Str-5
                  | Int+7}
  2703 | D:4      | Noticed Blork the orc
  2721 | D:4      | Killed Blork the orc
  2722 | D:4      | Reached XP level 6. HP: 31/47 MP: 9/9
  2856 | D:4      | Reached ** piety under Wu Jian
  3050 | D:4      | Found a snail-covered altar of Cheibriados.
  3066 | D:4      | Reached skill level 5 in Unarmed Combat
  3167 | D:4      | Your scales start taking on an icy white colour.
  3167 | D:4      | Reached XP level 7. HP: 38/52 MP: 7/10
  3167 | D:4      | Gained mutation: Your flesh is cold resistant. (rC+) [White
                  | Draconian growth]
  3343 | D:4      | Found an ornate altar of the Wu Jian Council.
  3449 | D:4      | Reached skill level 5 in Transmutations
  3825 | D:4      | Slain by an ogre

Illustrated notes

Levels and vault maps discovered:
D:1:      sevenhm_arrival_forest_fort_large_2, layout_basic
D:2:      layout_basic, basic_altar
D:3:      layout_rooms, mainiacjoe_overflow_24_doors,
          minmay_misc_feat_nine_boxes, st_stairs_4, kennysheep_cross_room,
          uniq_ijyb
D:4:      kennysheep_six_static_rooms, layout_cave_pools,
          nicolae_wu_jian_glorious_leap, lemuel_crystal_altar,
          minmay_misc_feat_hallway, minmay_increasing_density,
          uniq_blork_the_orc

Skill      XL: |  1  2  3  4  5  6  7 |
---------------+----------------------+-----
Dodging        | 2 3 |  3.0
Transmutations | 3 4 5 |  5.6
Unarmed Combat | 4 5 |  5.0
Poison Magic   | 2 3 4 |  4.1
Fighting       | |  1.1
Spellcasting   | |  2.0

Action                   |  1- 3 |  4- 6 |  7- 9 || total
-------------------------+-------+-------+-------++-------
Melee: Unarmed           |   101 |   199 |    43 ||   343
       Tailslap          |    13 |    19 |     5 ||    37
       Kick              |    12 |    46 |    14 ||    72
       Headbutt          |     5 |    19 |     6 ||    30
       Punch             |       |     3 |       ||     3
 Cast: Beastly Appendage |    11 |    28 |     9 ||    48
       Wereblood         |       |     5 |     1 ||     6
Invok: Lunge             |     5 |    23 |     5 ||    33
       Whirlwind         |       |    25 |     3 ||    28
 Abil: Breathe Frost     |       |       |     4 ||     4
       Wall Jump         |       |       |     3 ||     3
 Stab: Sleeping          |     2 |       |       ||     2
Armor: Skin              |    29 |    43 |    13 ||    85
Dodge: Dodged            |    76 |    82 |    14 ||   172

Table legend: (Time is in decaauts)
 A = Elapsed time spent in this place.
 B = Non-inter-level travel time spent in this place.
 C = Inter-level travel time spent in this place.
 D = Time resting spent in this place.
 E = Time spent auto-exploring this place.
 F = Levels seen in this place.
 G = Mean time per level.
                   A        B        C        D        E       F      G
               +--------+--------+--------+--------+--------+-----+--------+
         Total |   3809 |   3717 |     92 |    702 |   2125 |   4 |  952.2 |
       Dungeon |   3809 |   3717 |     92 |    702 |   2125 |   4 |  952.2 |
               +--------+--------+--------+--------+--------+-----+--------+

Top non-repeatable levels by time:
     D:4: 1243 daAuts
     D:2: 1093 daAuts
     D:3: 756 daAuts
     D:1: 715 daAuts
